 Dungeon Crawl Stone Soup version 0.27-a0-819-g058290f16d (webtiles) character file.

Game seed: 7100828725978306521

80825 sleeves the Fighter (level 15, -12/114 HPs)
             Began as a Djinni Conjurer on Mar 29, 2021.
             Was the Champion of Makhleb.
             Killed from afar by a storm dragon (29 damage)
             ... with a bolt of lightning
             ... on level 11 of the Dungeon.
             The game lasted 00:57:26 (24104 turns).

sleeves the Fighter (Djinni Conjurer)              Turns: 24104, Time: 00:57:26

Health: -12/114    AC: 12    Str:  6    XL:     15   Next: 68%
Gold:   1441       EV: 11    Int: 25    God:    Makhleb [******] SH: 11 Dex: 15

rFire    + + .     SeeInvis +   b - staff of conjuration
rCold    x . .     Faith    .   Q - +0 buckler
rNeg     . . .     Spirit   .   O - +0 acid dragon scales
rPois    ∞         Reflect  +   s - +2 hat
rElec    .         Harm     .   y - +0 cloak
rCorr    +         Rampage  .   h - +2 pair of gloves
Will     ++...                  (boots unavailable)
Stlth    +++.......             J - amulet of Anip {Reflect Dex+2 SH+5}
HPRegen  0.29/turn              t - ring of willpower
MPRegen  0.00/turn              B - ring of see invisible

@: flying
A: fire resistance 2, cold vulnerability 1, float, innate caster, hp casting,
extra vitality 1
a: Renounce Religion, Minor Destruction, Lesser Servant of Makhleb, Major
Destruction, Greater Servant of Makhleb


You were on level 11 of the Dungeon.
You worshipped Makhleb.
Makhleb was exalted by your worship.
You visited 4 branches of the dungeon, and saw 20 of its levels.
You also visited: Bailey and Volcano.

You collected 1441 gold pieces.

Inventory:

Hand Weapons
 a - a +1 whip of venom
   (You found it on level 1 of the Dungeon)
 A - a +2 quarterstaff of chaos
   (You took it off Crazy Yiuf on level 5 of the Dungeon)
 R - a +1 quarterstaff of flaming
   (You found it in a volcano)
Armour
 h - a +2 pair of gloves (worn)
   (You found it on level 4 of the Lair of Beasts)
 s - a +2 hat (worn)
   (You found it on level 4 of the Lair of Beasts)
 y - a +0 cloak (worn)
   (You took it off Crazy Yiuf on level 5 of the Dungeon)
 H - a +3 leather armour of fire resistance
   (You took it off a salamander in a volcano)
 L - the +2 robe "Mehawuu" {SInv}
   (You found it on level 10 of the Dungeon)

   It lets you see invisible.
 N - a +0 kite shield
   (You took it off a gnoll sergeant on level 10 of the Dungeon)
 O - +0 acid dragon scales (worn)
   (You found it on level 11 of the Dungeon)
 Q - a +0 buckler (worn)
   (You found it on level 1 of the Lair of Beasts)
 V - the +1 robe of Pakkoff {rElec}
   (You found it on level 6 of the Lair of Beasts)

   It insulates you from electricity.
 Z - a +2 robe of cold resistance
   (You took it off Josephine on level 1 of the Orcish Mines)
Magical Staves
 b - a staff of conjuration (weapon)
   (You found it on level 1 of the Dungeon)
Jewellery
 d - an amulet of faith
   (You found it on level 3 of the Lair of Beasts)
 t - a ring of willpower (left hand)
   (You found it on level 4 of the Dungeon)
 u - a ring of positive energy
   (You found it on level 6 of the Lair of Beasts)
 B - a ring of see invisible (right hand)
   (You found it on level 7 of the Dungeon)
 F - a +6 ring of dexterity
   (You took it off a yaktaur captain on level 11 of the Dungeon)
 J - the amulet of Anip (around neck) {Reflect Dex+2 SH+5}
   (You found it on level 9 of the Dungeon)

   [amulet of reflection]

   It reflects blocked missile attacks.
   It affects your dexterity (+2).
   It affects your SH (+5).
Wands
 c - a wand of iceblast (12)
   (You found it on level 3 of the Lair of Beasts)
 v - a wand of mindburst (31)
   (You found it on level 4 of the Dungeon)
 C - a wand of flame (33)
   (You found it on level 7 of the Dungeon)
 G - a wand of polymorph (5)
   (You took it off a salamander in a volcano)
 I - a wand of acid (31)
   (You found it on level 8 of the Dungeon)
 M - a wand of paralysis (9)
   (You found it on level 11 of the Dungeon)
Scrolls
 g - 3 scrolls of magic mapping
 j - a scroll of fog
 l - 9 scrolls of enchant weapon
 m - 2 scrolls of vulnerability
 n - 2 scrolls of fear
 p - 2 scrolls of noise {unknown}
 q - 11 scrolls of teleportation
 r - 3 scrolls of enchant armour {unknown}
 x - 4 scrolls of immolation
 S - 2 scrolls of identify
 U - a scroll of torment {unknown}
 X - a scroll of brand weapon {unknown}
 Y - 4 scrolls of summoning {unknown}
Potions
 e - 9 potions of curing
 f - 4 potions of lignification
 i - a potion of brilliance {unknown}
 k - 5 potions of resistance
 o - 3 potions of berserk rage {unknown}
 w - 7 potions of might
 z - a potion of haste
 D - 2 potions of ambrosia
 E - 2 potions of heal wounds
 P - a potion of magic {unknown}
 T - a potion of experience {unknown}
 W - a potion of invisibility {unknown}
Miscellaneous
 K - a tin of tremorstones (2/2)
   (You found it on level 10 of the Dungeon)


   Skills:
 - Level 13.0 Fighting
 - Level 10.2 Staves
 - Level 2.1 Dodging
 + Level 6.6 Stealth
 + Level 9.4 Shields
 + Level 12.3 Spellcasting
 + Level 11.8 Evocations


You couldn't memorise any spells.
You knew the following spells:

 Your Spells              Type           Power      Damage    Failure   Level
a - Magic Dart            Conj           100%       1d8       1%          1
b - Searing Ray           Conj           100%       3d7       1%          2
c - Dazzling Flash        Conj/Hex       100%       N/A       1%          3
d - Fulminant Prism       Conj/Hex       43%        3d20      1%          4
e - Iskenderun's Mystic   Conj/Tloc      86%        2d17      1%          4
f - Shock                 Conj/Air       100%       1d9       1%          1
g - Corpse Rot            Necr/Air       N/A        N/A       1%          2
h - Static Discharge      Conj/Air       86%        N/A       1%          3
i - Call Canine Familiar  Summ           67%        N/A       1%          3
j - Olgreb's Toxic Radia  Pois           67%        N/A       1%          4
k - Silence               Hex/Air        33%        N/A       1%          5
l - Death Channel         Necr           33%        N/A       8%          6
Your spell library was empty.

Dungeon Overview and Level Annotations

Branches:
Dungeon (11/15)            Temple (1/1) D:7            Lair (6/6) D:9
  Swamp (0/4) Lair:3       Spider (0/4) Lair:2        Slime (0/5) Lair:5
    Orc (2/2) D:10         Bailey (visited)         Volcano (visited)
    Elf: Orc:2

Altars:
Ashenzari
Cheibriados
Dithmenos
Elyvilon
Fedhas
Gozag
Hepliaklqana
Kikubaaqudgha
Makhleb
Nemelex Xobeh
Okawaru
Qazlal
Ru
Sif Muna
Trog
Uskayaw
Vehumet
Wu Jian
Xom
Yredelemnul
Zin
The Shining One
Jiyva

Shops:
D:2 :   D:7 (

Portals:
Ice
Cave: Orc:2

Annotations:
D:4 2 runed translucent doors, benadryl's ghost, amateur DjGl
D:11 3 runed translucent doors, Snicker's ghost, journeyman DsBr
Lair:5 1 runed translucent door
Orc:2 Saint Roka


Innate Abilities, Weirdness & Mutations

You are immune to poison.
Your flesh is very heat resistant. (rF++)
You are vulnerable to cold. (rC-)
You float through the air rather than walking.
You learn spells naturally, not from books.
Your magical power is your life essence.
You have superior vitality. (+4 HP)


Message History

You conjure a prism of explosive energy!
The deep elf pyromancer shouts!
A fulminant prism comes into view.
The deep elf pyromancer hits your fulminant prism with a +0 long sword!
You hear a grinding noise.
Casting: Fulminant Prism (mildly dangerous; 1% risk of failure)
Confirm with . or Enter, or press ? or * to list all spells.
Aiming: Searing Ray (safe; 1% risk of failure)
Press: ? - help, Shift-Dir - straight line, f - deep elf pyromancer
Aim: a deep elf pyromancer, wielding a +0 long sword (ally target, 24% to evade)
You feel a surge of power!
The searing ray misses the deep elf pyromancer. (Press . to maintain the ray.)
Something bites your fulminant prism!
Your fulminant prism detonates feebly.
The deep elf pyromancer points at you and mumbles some strange words.
The sticky flame misses you.
The searing ray hits the deep elf pyromancer!
The deep elf pyromancer is moderately wounded.
A troll comes into view.
The deep elf pyromancer points at you and mumbles some strange words.
The sticky flame hits you but does no damage.
You are covered in liquid flames!
You hear a grinding noise.
Casting: Searing Ray (safe; 1% risk of failure)
Confirm with . or Enter, or press ? or * to list all spells.
Aiming: Fulminant Prism (mildly dangerous; 1% risk of failure)
Press: ? - help, Dir - move target, p - deep elf pyromancer You feel a surge of power!
You conjure a prism of explosive energy!
A fulminant prism comes into view.
You are covered in liquid flames!
The troll bites your fulminant prism. The troll claws your fulminant prism.
The troll claws your fulminant prism!
You hear a grinding noise.
Casting: Fulminant Prism (mildly dangerous; 1% risk of failure)
Confirm with . or Enter, or press ? or * to list all spells.
Aiming: Fulminant Prism (mildly dangerous; 1% risk of failure)
Press: ? - help, Dir - move target You feel a surge of power!
You conjure a prism of explosive energy!
A fulminant prism comes into view.
You are covered in liquid flames!
The troll bites your fulminant prism but does no damage.
The troll claws your fulminant prism!
Your fulminant prism detonates feebly.
The boulder beetle leaps!
The deep elf pyromancer mumbles some strange words.
The deep elf pyromancer blinks!
Casting: Fulminant Prism (mildly dangerous; 1% risk of failure)
Confirm with . or Enter, or press ? or * to list all spells.
Aiming: Fulminant Prism (mildly dangerous; 1% risk of failure)
Press: ? - help, Dir - move target You feel a surge of power!
You conjure a prism of explosive energy!
A fulminant prism comes into view.
You are covered in liquid flames!
The deep elf pyromancer gestures at you while chanting.
The sticky flame hits you. You resist.
You are covered in liquid flames!
You hear a grinding noise.
Your fulminant prism crackles loudly.
Casting: Fulminant Prism (mildly dangerous; 1% risk of failure)
Confirm with . or Enter, or press ? or * to list all spells.
You feel a surge of power!
You erupt in a blast of force!
The mystic blast hits the troll!!
The troll is heavily wounded.
The troll is knocked back by the mystic blast.
You are covered in liquid flames!
The deep elf pyromancer casts a spell at you.
The sticky flame reflects off an invisible shield around you!
The sticky flame hits the deep elf pyromancer!
The deep elf pyromancer is covered in liquid flames!
The deep troll earth mage casts a spell at the boulder beetle.
The wall shatters!
The blast of rock fragments hits you!
Your fulminant prism crackles loudly.
Your fulminant prism explodes!
The blast of energy engulfs the deep elf pyromancer!!
The deep elf pyromancer is almost dead.
The blast of energy engulfs you!
* * * LOW HITPOINT WARNING * * *
The blast of energy engulfs the deep troll earth mage!!!
The deep troll earth mage is almost dead.
The blast of energy engulfs the boulder beetle!
The boulder beetle is lightly wounded.
You hear a shout!
You hear a roar!
You hear a shout!
You hear an angry buzzing noise.
You hear a shout! x2
Unknown command.
Casting: Iskenderun's Mystic Blast (mildly dangerous; 1% risk of failure)
Confirm with . or Enter, or press ? or * to list all spells.
You feel a surge of power!
You erupt in a blast of force!
The mystic blast hits the boulder beetle but does no damage.
The boulder beetle is lightly wounded.
* * * LOW HITPOINT WARNING * * *
You are covered in liquid flames!
* * * LOW HITPOINT WARNING * * *
The deep elf pyromancer burns!
A bullfrog comes into view.
The deep elf pyromancer gestures at you while chanting.
The bolt of fire hits you! You resist.
* * * LOW HITPOINT WARNING * * *
Your fulminant prism explodes!
The blast of energy engulfs the troll!!!
You kill the troll!
Makhleb accepts your kill.
You feel better.
The troll leather armour is intact enough to wear.
You hear a bellow!
You hear a shout!
Unknown command.
Casting: Iskenderun's Mystic Blast (mildly dangerous; 1% risk of failure)
Confirm with . or Enter, or press ? or * to list all spells.
You feel a surge of power!
You erupt in a blast of force!
The mystic blast hits the deep troll earth mage.
The deep troll earth mage is almost dead.
The deep troll earth mage is knocked back by the mystic blast.
The mystic blast hits the boulder beetle!
The boulder beetle is moderately wounded.
The boulder beetle is knocked back by the mystic blast.
* * * LOW HITPOINT WARNING * * *
You are covered in liquid flames!
* * * LOW HITPOINT WARNING * * *
The deep elf pyromancer burns!
The deep elf pyromancer dies!
Makhleb accepts your kill.
Training target 13.0 for Fighting reached!
Your Fighting skill increases to level 13!
You are covered in liquid flames!
* * * LOW HITPOINT WARNING * * *
The bullfrog changes into a steam dragon!
You fly upwards.
You are covered in liquid flames!
* * * LOW HITPOINT WARNING * * *
There is a stone staircase leading down here.
You are on fire!
You are on fire!
Unknown command.
You are on fire!
You are covered in liquid flames!
* * * LOW HITPOINT WARNING * * *
You start resting.
HP restored.
Unknown command.
There is a stone staircase leading down here.
You fly downwards.
Level annotation: 3 runed translucent doors, Snicker's ghost, journeyman DsBr A yak comes into view.
There is a stone staircase leading up here.
Unknown command.
Casting: Iskenderun's Mystic Blast (mildly dangerous; 1% risk of failure)
Confirm with . or Enter, or press ? or * to list all spells.
Aiming: Fulminant Prism (mildly dangerous; 1% risk of failure)
Press: ? - help, Dir - move target You feel a surge of power!
You conjure a prism of explosive energy!
The yak bellows!
A fulminant prism comes into view.
Casting: Fulminant Prism (mildly dangerous; 1% risk of failure)
Confirm with . or Enter, or press ? or * to list all spells.
Aiming: Searing Ray (safe; 1% risk of failure)
Press: ? - help, Shift-Dir - straight line, f - fulminant prism
Aim: a fulminant prism (friendly, 0% to evade)
You feel a surge of power! Really fire at your fulminant prism?
Okay, then.
Casting: Searing Ray (safe; 1% risk of failure)
Confirm with . or Enter, or press ? or * to list all spells.
Aiming: Searing Ray (safe; 1% risk of failure)
Press: ? - help, Shift-Dir - straight line, p - fulminant prism You feel a surge of power!
The searing ray hits the yak!
The yak is moderately wounded. (Press . to maintain the ray.)
The yak gores you.
Your fulminant prism crackles loudly.
The searing ray hits the yak!
The yak is heavily wounded.
The yak barely misses you.
Your fulminant prism explodes!
The blast of energy engulfs the yak!!
You kill the yak!
Makhleb accepts your kill.
You hear a deafening roar!
You hear a shout! x2
You hear a grinding noise.
You hear a grinding noise.
A deep troll earth mage is nearby!
Casting: Searing Ray (safe; 1% risk of failure)
Confirm with . or Enter, or press ? or * to list all spells.
Aiming: Fulminant Prism (mildly dangerous; 1% risk of failure)
Press: ? - help, Dir - move target You feel a surge of power!
You conjure a prism of explosive energy!
A fulminant prism comes into view.
Casting: Fulminant Prism (mildly dangerous; 1% risk of failure)
Confirm with . or Enter, or press ? or * to list all spells.
Aiming: Searing Ray (safe; 1% risk of failure)
Press: ? - help, Shift-Dir - straight line, f - fulminant prism
Aim: a fulminant prism (friendly, 0% to evade)
You feel a surge of power! Really fire at your fulminant prism?
Okay, then.
Casting: Searing Ray (safe; 1% risk of failure)
Confirm with . or Enter, or press ? or * to list all spells.
You don't know that spell.
Casting: Searing Ray (safe; 1% risk of failure)
Confirm with . or Enter, or press ? or * to list all spells.
Aiming: Fulminant Prism (mildly dangerous; 1% risk of failure)
Press: ? - help, Dir - move target, f/p - fulminant prism
Aim: a fulminant prism (friendly)
Okay, then.
Unknown command.
Casting: Fulminant Prism (mildly dangerous; 1% risk of failure)
Confirm with . or Enter, or press ? or * to list all spells.
You feel a surge of power!
You erupt in a blast of force!
The mystic blast hits the deep troll earth mage!!
The deep troll earth mage is heavily wounded.
The deep troll earth mage is knocked back by the mystic blast.
The deep troll earth mage collides with your fulminant prism!
You hear a bellow!
Your fulminant prism crackles loudly.
Unknown command.
Your fulminant prism explodes!
The blast of energy engulfs the deep troll earth mage!!
You kill the deep troll earth mage!
Makhleb accepts your kill.
You feel better.
The troll leather armour is intact enough to wear.
You hear a shout! x3
You start waiting.
A centaur comes into view.
Unknown command.
Casting: Iskenderun's Mystic Blast (mildly dangerous; 1% risk of failure)
Confirm with . or Enter, or press ? or * to list all spells.
Aiming: Fulminant Prism (mildly dangerous; 1% risk of failure)
Press: ? - help, Dir - move target You feel a surge of power!
You conjure a prism of explosive energy!
The centaur shouts!
A fulminant prism comes into view.
The centaur wields a +0 shortbow.
The centaur shoots an arrow.
The arrow hits your fulminant prism!
The phantasmal warrior blinks!
Casting: Fulminant Prism (mildly dangerous; 1% risk of failure)
Confirm with . or Enter, or press ? or * to list all spells.
Aiming: Fulminant Prism (mildly dangerous; 1% risk of failure)
Press: ? - help, Dir - move target You feel a surge of power!
You conjure a prism of explosive energy!
A fulminant prism comes into view.
The phantasmal warrior hits you.
The centaur shoots an arrow.
The arrow hits your fulminant prism!
Your fulminant prism detonates feebly.
You hear an angry buzzing noise.
Casting: Fulminant Prism (mildly dangerous; 1% risk of failure)
Confirm with . or Enter, or press ? or * to list all spells.
You feel a surge of power!
You erupt in a blast of force!
The mystic blast hits the phantasmal warrior but does no damage.
A vampire mosquito comes into view.
The phantasmal warrior barely misses you.
Your fulminant prism crackles loudly.
Unknown command.
Unknown command.
Casting: Iskenderun's Mystic Blast (mildly dangerous; 1% risk of failure)
Confirm with . or Enter, or press ? or * to list all spells.
You feel a surge of power!
You erupt in a blast of force!
The mystic blast hits the phantasmal warrior!!
The phantasmal warrior is moderately damaged.
The phantasmal warrior is knocked back by the mystic blast.
You hear a shout!
The centaur shoots an arrow.
The arrow barely misses you.
The arrow hits the phantasmal warrior!
The phantasmal warrior blinks!
Your fulminant prism explodes!
The blast of energy engulfs the phantasmal warrior!!
You destroy the phantasmal warrior!
Makhleb accepts your kill.
You feel better. The blast of energy engulfs you!!
Unknown command.
Unknown command.
Casting: Iskenderun's Mystic Blast (mildly dangerous; 1% risk of failure)
Confirm with . or Enter, or press ? or * to list all spells.
Aiming: Fulminant Prism (mildly dangerous; 1% risk of failure)
Press: ? - help, Dir - move target You feel a surge of power!
You conjure a prism of explosive energy!
A fulminant prism comes into view.
The centaur shoots an arrow.
The arrow hits your fulminant prism.
A vampire comes into view.
It is wielding a +0 hand axe and quivering atropa-tipped darts.
The centaur shoots an arrow.
The arrow hits your fulminant prism!
Your fulminant prism crackles loudly.
The centaur shoots an arrow.
The arrow completely misses your fulminant prism.
You reflect the arrow off an invisible shield around you!
The arrow hits your fulminant prism!
Your fulminant prism explodes!
The blast of energy engulfs the centaur!!
The centaur is almost dead.
The blast of energy engulfs the vampire mosquito!!
The vampire mosquito is severely damaged.
The blast of energy engulfs you!!
You hear a bellow! x2; You hear a roar!
You hear a shout!
Casting: Fulminant Prism (mildly dangerous; 1% risk of failure)
Confirm with . or Enter, or press ? or * to list all spells.
Aiming: Fulminant Prism (mildly dangerous; 1% risk of failure)
Press: ? - help, Dir - move target You feel a surge of power!
You conjure a prism of explosive energy!
A fulminant prism comes into view.
The centaur shoots an arrow.
The arrow hits your fulminant prism!
The centaur shoots an arrow.
The arrow hits your fulminant prism!
The centaur shoots an arrow.
The arrow hits your fulminant prism!
Your fulminant prism detonates feebly.
A yak comes into view.
Casting: Fulminant Prism (mildly dangerous; 1% risk of failure)
Confirm with . or Enter, or press ? or * to list all spells.
Aiming: Fulminant Prism (mildly dangerous; 1% risk of failure)
Press: ? - help, Dir - move target, f - centaur
Aim: a centaur, wielding a +0 shortbow and quivering arrows (almost dead)
Okay, then.
Unknown command.
Casting: Fulminant Prism (mildly dangerous; 1% risk of failure)
Confirm with . or Enter, or press ? or * to list all spells.
Aiming: Searing Ray (safe; 1% risk of failure)
Press: ? - help, Shift-Dir - straight line, f - centaur
Aim: a centaur, wielding a +0 shortbow and quivering arrows (almost dead, 10% to evade)
You feel a surge of power!
The searing ray hits the centaur.
You kill the centaur!
Makhleb accepts your kill.
You feel better.
The searing ray misses the vampire mosquito. (Press . to maintain the ray.) Harold the Weathered comes into view.
He is wielding a +2 vorpal broad axe and wearing a +1 chain mail of cold resistance.
The searing ray hits the vampire mosquito!
You destroy the vampire mosquito!
Makhleb accepts your kill.
The searing ray hits the vampire!
The vampire is moderately damaged.
Unknown command.
You fly upwards.
There is a stone staircase leading down here.
HP restored.
Done exploring.
Done exploring.
Done exploring.
There is a stone staircase leading down here.
Unknown command.
You fly downwards.
Level annotation: 3 runed translucent doors, Harold; Snicker's ghost, journeyman DsBr A fire giant comes into view.
It is wielding a +2 great sword of flaming.
There is a stone staircase leading up here.
Unknown command.
Casting: Searing Ray (safe; 1% risk of failure)
Confirm with . or Enter, or press ? or * to list all spells.
Aiming: Fulminant Prism (mildly dangerous; 1% risk of failure)
Press: ? - help, Dir - move target You feel a surge of power!
You conjure a prism of explosive energy!
A fulminant prism comes into view.
Casting: Fulminant Prism (mildly dangerous; 1% risk of failure)
Confirm with . or Enter, or press ? or * to list all spells.
Aiming: Fulminant Prism (mildly dangerous; 1% risk of failure)
Press: ? - help, Dir - move target
Okay, then.
The boulder beetle bites your fulminant prism!
Your fulminant prism crackles loudly.
The fire giant hits your fulminant prism with a +2 great sword of flaming!!
Your fulminant prism explodes!
The blast of energy engulfs the fire giant.
The fire giant is lightly wounded.
The blast of energy engulfs the boulder beetle!
The boulder beetle is moderately wounded.
You hear a roar!
You hear a shout! x3
Casting: Fulminant Prism (mildly dangerous; 1% risk of failure)
Confirm with . or Enter, or press ? or * to list all spells.
Aiming: Fulminant Prism (mildly dangerous; 1% risk of failure)
Press: ? - help, Dir - move target You feel a surge of power!
You conjure a prism of explosive energy!
A fulminant prism comes into view.
The boulder beetle curls into a ball and begins rolling!
Casting: Fulminant Prism (mildly dangerous; 1% risk of failure)
Confirm with . or Enter, or press ? or * to list all spells.
Aiming: Fulminant Prism (mildly dangerous; 1% risk of failure)
Press: ? - help, Dir - move target You feel a surge of power!
You conjure a prism of explosive energy!
A fulminant prism comes into view.
Your fulminant prism crackles loudly.
Casting: Fulminant Prism (mildly dangerous; 1% risk of failure)
Confirm with . or Enter, or press ? or * to list all spells.
You can't see any susceptible monsters within range! (Use Z to cast anyway.)
Casting: Fulminant Prism (mildly dangerous; 1% risk of failure)
Confirm with . or Enter, or press ? or * to list all spells.
Aiming: Searing Ray (safe; 1% risk of failure)
Press: ? - help, Shift-Dir - straight line, f - fire giant
Aim: a fire giant, wielding a +2 great sword of flaming (lightly wounded, ally target, 4% to evade)
You feel a surge of power!
The searing ray hits the fire giant!
The fire giant is lightly wounded. (Press . to maintain the ray.)
Your fulminant prism explodes!
The blast of energy engulfs the fire giant!
The fire giant is moderately wounded.
Your fulminant prism crackles loudly.
You hear a shout!
You hear a bellow!
Casting: Searing Ray (safe; 1% risk of failure)
Confirm with . or Enter, or press ? or * to list all spells.
You feel a surge of power!
You erupt in a blast of force!
The mystic blast hits the fire giant!
The fire giant is moderately wounded.
The fire giant is knocked back by the mystic blast.
The fire giant slams into the crystal wall!
The mystic blast hits the boulder beetle but does no damage.
The boulder beetle is lightly wounded.
You hear a roar!
The boulder beetle hits you!
The boulder beetle stops rolling and uncurls.
Your fulminant prism explodes!
You hear a horrible gurgling sound!
You hear a shout! x2
Casting: Iskenderun's Mystic Blast (mildly dangerous; 1% risk of failure)
Confirm with . or Enter, or press ? or * to list all spells.
Aiming: Fulminant Prism (mildly dangerous; 1% risk of failure)
Press: ? - help, Dir - move target, p - fire giant You feel a surge of power!
You conjure a prism of explosive energy!
A fulminant prism comes into view.
The boulder beetle completely misses you.
A howler monkey zombie comes into view.
Casting: Fulminant Prism (mildly dangerous; 1% risk of failure)
Confirm with . or Enter, or press ? or * to list all spells.
Aiming: Fulminant Prism (mildly dangerous; 1% risk of failure)
Press: ? - help, Dir - move target You feel a surge of power!
You conjure a prism of explosive energy!
A fulminant prism comes into view.
The boulder beetle barely misses you.
Your fulminant prism crackles loudly.
You hit the boulder beetle but do no damage.
The boulder beetle is lightly wounded.
You block the boulder beetle's attack.
Casting: Fulminant Prism (mildly dangerous; 1% risk of failure)
Confirm with . or Enter, or press ? or * to list all spells.
You feel a surge of power!
You erupt in a blast of force!
The mystic blast hits the fire giant!
The fire giant is heavily wounded.
The fire giant is knocked back by the mystic blast.
The mystic blast hits the boulder beetle but does no damage.
The boulder beetle is lightly wounded.
Your fulminant prism explodes!
The blast of energy engulfs your fulminant prism!!
Your fulminant prism detonates feebly.
The blast of energy engulfs the boulder beetle!!
The boulder beetle is heavily wounded.
The blast of energy engulfs the fire giant!!
The fire giant is severely wounded.
The blast of energy engulfs the howler monkey zombie!!
You destroy the howler monkey zombie!
Makhleb accepts your kill.
The boulder beetle bites you but does no damage.
The fire giant casts a spell at you. The bolt of fire misses you.
You hear a shout!
You hear a horrible gurgling sound!
You hear a shout! x2
You hear a bleat!
Casting: Iskenderun's Mystic Blast (mildly dangerous; 1% risk of failure)
Confirm with . or Enter, or press ? or * to list all spells.
You feel a surge of power!
You erupt in a blast of force!
The mystic blast hits the fire giant!
The fire giant is almost dead.
The fire giant is knocked back by the mystic blast.
The fire giant slams into the rock wall!
The mystic blast hits the boulder beetle!!
The boulder beetle is severely wounded.
The boulder beetle completely misses you.
Unknown command.
Unknown command.
Casting: Iskenderun's Mystic Blast (mildly dangerous; 1% risk of failure)
Confirm with . or Enter, or press ? or * to list all spells.
You feel a surge of power!
You erupt in a blast of force!
The mystic blast hits the fire giant.
The fire giant is almost dead.
The mystic blast hits the boulder beetle.
The boulder beetle is almost dead.
The boulder beetle is knocked back by the mystic blast.
The fire giant casts a spell at you. The bolt of fire misses you.
Unknown command.
Unknown command.
Casting: Iskenderun's Mystic Blast (mildly dangerous; 1% risk of failure)
Confirm with . or Enter, or press ? or * to list all spells.
Aiming: Fulminant Prism (mildly dangerous; 1% risk of failure)
Press: ? - help, Dir - move target You feel a surge of power!
You conjure a prism of explosive energy!
A fulminant prism comes into view.
A seven-headed hydra comes into view.
Casting: Fulminant Prism (mildly dangerous; 1% risk of failure)
Confirm with . or Enter, or press ? or * to list all spells.
You feel a surge of power!
You erupt in a blast of force!
The mystic blast hits the boulder beetle but does no damage.
The boulder beetle is almost dead.
The mystic blast hits the fire giant!
You kill the fire giant!
Makhleb accepts your kill.
You feel better.
You hear a shout!
You hear a howl!
The boulder beetle waves its antennae.
Harold throws a throwing net.
The throwing net closely misses you.
Your fulminant prism crackles loudly.
An orc wizard comes into view.
It is wielding a +0 hand axe and carrying a wand of polymorph (9).
Unknown command.
Unknown command.
Casting: Iskenderun's Mystic Blast (mildly dangerous; 1% risk of failure)
Confirm with . or Enter, or press ? or * to list all spells.
Aiming: Fulminant Prism (mildly dangerous; 1% risk of failure)
Press: ? - help, Dir - move target You feel a surge of power!
You conjure a prism of explosive energy!
A fulminant prism comes into view.
The boulder beetle barely misses you.
Your fulminant prism explodes!
The blast of energy engulfs the seven-headed hydra!!
The seven-headed hydra is moderately wounded.
The blast of energy engulfs Harold!
Harold is lightly wounded.
The blast of energy engulfs the boulder beetle!!
You kill the boulder beetle!
Makhleb accepts your kill.
You feel better.
You hear a shout!
Casting: Fulminant Prism (mildly dangerous; 1% risk of failure)
Confirm with . or Enter, or press ? or * to list all spells.
Aiming: Fulminant Prism (mildly dangerous; 1% risk of failure)
Press: ? - help, Dir - move target You feel a surge of power!
You conjure a prism of explosive energy!
A fulminant prism comes into view.
Harold throws a throwing net.
The throwing net hits you.
You become entangled in the net!
A shadow comes into view.
Your fulminant prism crackles loudly.
You struggle against the net.
The orc wizard zaps a wand.
You resist with almost no effort.
Your fulminant prism crackles loudly.
Your fulminant prism explodes!
The blast of energy engulfs the seven-headed hydra!!
The seven-headed hydra is heavily wounded.
You hear a shout!
You hear a bellow!
You hear a shout! x2
A brown ugly thing comes into view.
You struggle against the net.
Your fulminant prism explodes!
You hear a shout! x2
Casting: Fulminant Prism (mildly dangerous; 1% risk of failure)
Confirm with . or Enter, or press ? or * to list all spells.
You feel a surge of power!
You erupt in a blast of force!
The mystic blast hits the seven-headed hydra!!
The seven-headed hydra is severely wounded.
The mystic blast hits Harold!
Harold is moderately wounded.
Harold is knocked back by the mystic blast.
Harold slams into the rock wall!
The seven-headed hydra bites you. The seven-headed hydra bites you!
The seven-headed hydra bites you but does no damage.
The seven-headed hydra bites you.
The seven-headed hydra bites you but does no damage.
The seven-headed hydra bites you!
The seven-headed hydra bites you but does no damage.
Casting: Iskenderun's Mystic Blast (mildly dangerous; 1% risk of failure)
Confirm with . or Enter, or press ? or * to list all spells.
You feel a surge of power!
You erupt in a blast of force!
The mystic blast hits Harold!!
Harold is severely wounded.
Harold is knocked back by the mystic blast.
Harold slams into the rock wall!
The mystic blast hits the seven-headed hydra!
You kill the seven-headed hydra!
Makhleb accepts your kill.
The orc wizard points at itself and mumbles some strange words.
The orc wizard flickers and vanishes for a moment.
Unknown command.
Unknown command.
You tear a large gash into the net.
The shadow slips into darkness.
The shadow flickers and vanishes for a moment.
Harold fires a harpoon shot at you. The harpoon shot hits you!
* * * LOW HITPOINT WARNING * * *
You are yanked forward by the harpoon shot.
A centaur warrior comes into view.
It is wielding a +4 short sword of draining.
Casting: Iskenderun's Mystic Blast (mildly dangerous; 1% risk of failure)
Confirm with . or Enter, or press ? or * to list all spells.
You feel a surge of power!
You erupt in a blast of force!
The mystic blast hits the orc wizard!!
You kill the orc wizard!
Makhleb accepts your kill.
The mystic blast hits the brown ugly thing!!
The brown ugly thing is moderately wounded.
The brown ugly thing is knocked back by the mystic blast.
The mystic blast hits Harold!
Harold is almost dead.
Harold is knocked back by the mystic blast.
Harold slams into the rock wall!
The centaur warrior shouts!
* * * LOW HITPOINT WARNING * * *
Harold hits you but does no damage.
Unknown command.
Casting: Iskenderun's Mystic Blast (mildly dangerous; 1% risk of failure)
Confirm with . or Enter, or press ? or * to list all spells.
You feel a surge of power!
You erupt in a blast of force!
The mystic blast hits Harold but does no damage.
Harold is almost dead.
* * * LOW HITPOINT WARNING * * *
Harold barely misses you.
Unknown command.
There is a stone staircase leading up here.
The shadow hits you. Harold barely misses you.
You fly upwards.
There is a stone staircase leading down here.
Casting: Iskenderun's Mystic Blast (mildly dangerous; 1% risk of failure)
Confirm with . or Enter, or press ? or * to list all spells.
You feel a surge of power!
You erupt in a blast of force!
The mystic blast hits Harold!
You kill Harold!
Makhleb accepts your kill.
You feel better.
The mystic blast hits the shadow!
The shadow is severely damaged.
The shadow is knocked back by the mystic blast.
Unknown command.
Casting: Iskenderun's Mystic Blast (mildly dangerous; 1% risk of failure)
Confirm with . or Enter, or press ? or * to list all spells.
Aiming: Fulminant Prism (mildly dangerous; 1% risk of failure)
Press: ? - help, Dir - move target You feel a surge of power!
You conjure a prism of explosive energy!
A fulminant prism comes into view.
Your fulminant prism crackles loudly.
Your fulminant prism explodes!
The blast of energy engulfs the shadow!!!
You destroy the shadow!
Makhleb accepts your kill.
You feel better.
Items here: ( ) [ †.
Okay, then.
You start resting.
You start resting.
HP restored.
Unknown command.
There is an open door here.
There is an open door here.
There is an open door here.
There is a stone staircase leading down here.
You fly downwards.
Level annotation: 3 runed translucent doors, Snicker's ghost, journeyman DsBr
There is a stone staircase leading up here.
There is a stone staircase leading down here.
A meliai zombie comes into view.
A meliai zombie is nearby!
Casting: Fulminant Prism (mildly dangerous; 1% risk of failure)
Confirm with . or Enter, or press ? or * to list all spells.
Aiming: Fulminant Prism (mildly dangerous; 1% risk of failure)
Press: ? - help, Dir - move target You feel a surge of power!
You conjure a prism of explosive energy!
A fulminant prism comes into view.
Your fulminant prism crackles loudly.
There is a stone staircase leading down here.
The meliai zombie hits your fulminant prism!
The meliai zombie hits your fulminant prism. x3
Your fulminant prism explodes!
The blast of energy engulfs the meliai zombie!!
The meliai zombie is heavily damaged.
You hear a bellow!
Casting: Fulminant Prism (mildly dangerous; 1% risk of failure)
Confirm with . or Enter, or press ? or * to list all spells.
Aiming: Fulminant Prism (mildly dangerous; 1% risk of failure)
Press: ? - help, Dir - move target You feel a surge of power!
You conjure a prism of explosive energy!
A fulminant prism comes into view.
Your fulminant prism crackles loudly.
There is a stone staircase leading up here.
Your fulminant prism explodes!
The blast of energy engulfs the meliai zombie!!!
You destroy the meliai zombie!
Makhleb accepts your kill.
You feel better.
You hear a bellow!
There is a stone staircase leading up here.
There is a stone staircase leading down here.
w - 7 potions of might (gained 1)
A yak is nearby!
A yak is nearby!
Casting: Fulminant Prism (mildly dangerous; 1% risk of failure)
Confirm with . or Enter, or press ? or * to list all spells.
Aiming: Fulminant Prism (mildly dangerous; 1% risk of failure)
Press: ? - help, Dir - move target You feel a surge of power!
You conjure a prism of explosive energy!
A fulminant prism comes into view.
Your fulminant prism crackles loudly.
Your fulminant prism explodes!
The blast of energy engulfs the yak!!
The yak is almost dead.
You hear a shout!
There is a stone staircase leading down here.
Casting: Fulminant Prism (mildly dangerous; 1% risk of failure)
Confirm with . or Enter, or press ? or * to list all spells.
You feel a surge of power!
You erupt in a blast of force!
The mystic blast hits the yak!
You kill the yak!
Makhleb accepts your kill.
You feel better.
Casting: Iskenderun's Mystic Blast (mildly dangerous; 1% risk of failure)
Confirm with . or Enter, or press ? or * to list all spells.
You can't see any susceptible monsters within range! (Use Z to cast anyway.)
Casting: Iskenderun's Mystic Blast (mildly dangerous; 1% risk of failure)
Confirm with . or Enter, or press ? or * to list all spells.
Aiming: Fulminant Prism (mildly dangerous; 1% risk of failure)
Press: ? - help, Dir - move target You feel a surge of power!
You conjure a prism of explosive energy!
A fulminant prism comes into view.
An orc comes into view. It is wielding a +0 hand axe.
An orc comes into view. It is wielding a +0 war axe.
Your fulminant prism crackles loudly.
There is a stone staircase leading up here.
Casting: Fulminant Prism (mildly dangerous; 1% risk of failure)
Confirm with . or Enter, or press ? or * to list all spells.
Aiming: Fulminant Prism (mildly dangerous; 1% risk of failure)
Press: ? - help, Dir - move target You feel a surge of power!
You conjure a prism of explosive energy!
A fulminant prism comes into view.
Your fulminant prism explodes!
The blast of energy engulfs the orc!!
You kill the orc!
Makhleb accepts your kill.
You feel better.
The blast of energy engulfs the fire giant!!
The fire giant is moderately wounded.
The blast of energy engulfs your fulminant prism!!
Your fulminant prism detonates feebly.
You hear a deafening roar!
You hear a shout! x2
Casting: Fulminant Prism (mildly dangerous; 1% risk of failure)
Confirm with . or Enter, or press ? or * to list all spells.
Aiming: Fulminant Prism (mildly dangerous; 1% risk of failure)
Press: ? - help, Dir - move target You feel a surge of power!
You conjure a prism of explosive energy!
A fulminant prism comes into view.
The vampire throws an atropa-tipped dart.
The atropa-tipped dart barely misses you.
Casting: Fulminant Prism (mildly dangerous; 1% risk of failure)
Confirm with . or Enter, or press ? or * to list all spells.
Aiming: Fulminant Prism (mildly dangerous; 1% risk of failure)
Press: ? - help, Dir - move target You feel a surge of power!
You conjure a prism of explosive energy!
A fulminant prism comes into view.
Your fulminant prism crackles loudly.
The vampire throws an atropa-tipped dart.
The atropa-tipped dart misses you.
Casting: Fulminant Prism (mildly dangerous; 1% risk of failure)
Confirm with . or Enter, or press ? or * to list all spells.
You feel a surge of power!
You erupt in a blast of force!
The mystic blast hits the vampire but does no damage.
The mystic blast hits the fire giant!!
The fire giant is heavily wounded.
The fire giant is knocked back by the mystic blast.
A cyclops comes into view.
Your fulminant prism explodes!
The blast of energy engulfs the orc but does no damage.
The blast of energy engulfs the vampire!!
The vampire is almost destroyed.
The blast of energy engulfs your fulminant prism!!!
Your fulminant prism detonates feebly.
The vampire throws an atropa-tipped dart.
The atropa-tipped dart hits you!
You are unaffected.
Unknown command.
Unknown command.
Casting: Iskenderun's Mystic Blast (mildly dangerous; 1% risk of failure)
Confirm with . or Enter, or press ? or * to list all spells.
You feel a surge of power!
You erupt in a blast of force!
The mystic blast hits the vampire!!
You destroy the vampire!
Makhleb accepts your kill.
You feel better.
The mystic blast hits the fire giant!
The fire giant is severely wounded.
The fire giant is knocked back by the mystic blast.
An orc wizard comes into view. It is wielding a +0 dagger.
Unknown command.
Unknown command.
Unknown command.
Casting: Iskenderun's Mystic Blast (mildly dangerous; 1% risk of failure)
Confirm with . or Enter, or press ? or * to list all spells.
Aiming: Fulminant Prism (mildly dangerous; 1% risk of failure)
Press: ? - help, Dir - move target You feel a surge of power!
You conjure a prism of explosive energy!
A fulminant prism comes into view.
Casting: Fulminant Prism (mildly dangerous; 1% risk of failure)
Confirm with . or Enter, or press ? or * to list all spells.
Aiming: Fulminant Prism (mildly dangerous; 1% risk of failure)
Press: ? - help, Dir - move target You feel a surge of power!
You conjure a prism of explosive energy!
A fulminant prism comes into view.
Your fulminant prism crackles loudly.
Something hits your fulminant prism.
Your fulminant prism explodes!
The blast of energy engulfs the orc wizard!!
You kill the orc wizard!
Makhleb accepts your kill.
You feel better.
The blast of energy engulfs the orc!!!
You kill the orc!
Makhleb accepts your kill.
Your fulminant prism crackles loudly.
You hear a horrible gurgling sound!
You hear a shout!
Casting: Fulminant Prism (mildly dangerous; 1% risk of failure)
Confirm with . or Enter, or press ? or * to list all spells.
You feel a surge of power!
You erupt in a blast of force!
The mystic blast hits the fire giant!!
The fire giant is almost dead.
The fire giant is knocked back by the mystic blast.
Something hits your fulminant prism. The fire giant casts a spell at you.
The fireball explodes!
The fireball engulfs you! You resist.
Your fulminant prism explodes!
Makhleb accepts your kill.
You feel better.
You feel a bit more experienced.
The blast of energy engulfs the fire giant!!
You kill the fire giant!
Makhleb accepts your kill.
You feel better.
The blast of energy engulfs the cyclops!!!
The cyclops is almost dead.
Unknown command.
Unknown command.
Casting: Iskenderun's Mystic Blast (mildly dangerous; 1% risk of failure)
Confirm with . or Enter, or press ? or * to list all spells.
Aiming: Fulminant Prism (mildly dangerous; 1% risk of failure)
Press: ? - help, Dir - move target You feel a surge of power!
You conjure a prism of explosive energy!
A fulminant prism comes into view.
The cyclops throws a large rock.
You reflect the large rock off an invisible shield around you!
The large rock barely misses the cyclops.
The cyclops throws a large rock.
You reflect the large rock off an invisible shield around you!
The large rock hits the cyclops!!
You kill the cyclops!
Makhleb accepts your kill.
You feel better.
Your fulminant prism crackles loudly.
Your fulminant prism explodes!
You hear a deafening roar!
You hear a shout!
HP restored.
Found a runed long sword.
Things that are here:
a +0 hand axe; 4 atropa-tipped darts A troll comes into view.
Casting: Fulminant Prism (mildly dangerous; 1% risk of failure)
Confirm with . or Enter, or press ? or * to list all spells.
Aiming: Fulminant Prism (mildly dangerous; 1% risk of failure)
Press: ? - help, Dir - move target You feel a surge of power!
You conjure a prism of explosive energy!
A fulminant prism comes into view.
Casting: Fulminant Prism (mildly dangerous; 1% risk of failure)
Confirm with . or Enter, or press ? or * to list all spells.
Aiming: Fulminant Prism (mildly dangerous; 1% risk of failure)
Press: ? - help, Dir - move target You feel a surge of power!
You conjure a prism of explosive energy!
A fulminant prism comes into view.
Your fulminant prism crackles loudly.
Your fulminant prism crackles loudly.
Your fulminant prism explodes!
The blast of energy engulfs the troll.
The troll is lightly wounded.
Your fulminant prism explodes!
The blast of energy engulfs the troll!!
The troll is severely wounded.
You hear a deafening roar!
Casting: Fulminant Prism (mildly dangerous; 1% risk of failure)
Confirm with . or Enter, or press ? or * to list all spells.
Aiming: Fulminant Prism (mildly dangerous; 1% risk of failure)
Press: ? - help, Dir - move target You feel a surge of power!
You conjure a prism of explosive energy!
A fulminant prism comes into view.
A human comes into view.
Your fulminant prism crackles loudly.
You hear an explosion!
The blast of energy engulfs the troll!!!
You kill the troll!
Makhleb accepts your kill.
You feel better.
Casting: Fulminant Prism (mildly dangerous; 1% risk of failure)
Confirm with . or Enter, or press ? or * to list all spells.
Aiming: Fulminant Prism (mildly dangerous; 1% risk of failure)
Press: ? - help, Dir - move target You feel a surge of power!
You conjure a prism of explosive energy!
A fulminant prism comes into view.
The human hits your fulminant prism.
Your fulminant prism crackles loudly.
The human hits your fulminant prism.
Your fulminant prism explodes!
The blast of energy engulfs the human!
The human is heavily wounded.
You hear a horrible gurgling sound!
Casting: Fulminant Prism (mildly dangerous; 1% risk of failure)
Confirm with . or Enter, or press ? or * to list all spells.
Aiming: Fulminant Prism (mildly dangerous; 1% risk of failure)
Press: ? - help, Dir - move target You feel a surge of power!
You conjure a prism of explosive energy!
A fulminant prism comes into view.
The human changes into a spriggan!
Your fulminant prism crackles loudly.
The spriggan hits your fulminant prism!
Your fulminant prism explodes!
The blast of energy engulfs the spriggan!!
You kill the spriggan!
Makhleb accepts your kill.
You feel better.
You hear a shout!
Things that are here:
a +0 robe; a +0 dagger A storm dragon is nearby!
A storm dragon is nearby!
You need no library to learn spells.
Unknown command.
Unknown command.
Unknown command.
Unknown command.
Unknown command.
Unknown command.
Unknown command.
Casting: Fulminant Prism (mildly dangerous; 1% risk of failure)
Confirm with . or Enter, or press ? or * to list all spells.
You don't know that spell.
Okay, then.
Unknown command.
Okay, then.
Okay, then.
Casting: Fulminant Prism (mildly dangerous; 1% risk of failure)
Confirm with . or Enter, or press ? or * to list all spells.
Aiming: Fulminant Prism (mildly dangerous; 1% risk of failure)
Press: ? - help, Dir - move target You feel a surge of power!
You conjure a prism of explosive energy!
A fulminant prism comes into view.
Casting: Fulminant Prism (mildly dangerous; 1% risk of failure)
Confirm with . or Enter, or press ? or * to list all spells.
Aiming: Fulminant Prism (mildly dangerous; 1% risk of failure)
Press: ? - help, Dir - move target
Okay, then.
Your fulminant prism crackles loudly.
Things that are here:
a +0 animal skin; a -2 spear The storm dragon breathes lightning at you.
The bolt of lightning hits you!!! The bolt of lightning misses you.
Your fulminant prism explodes!
The blast of energy engulfs the storm dragon!!
The storm dragon is moderately wounded.
Casting: Fulminant Prism (mildly dangerous; 1% risk of failure)
Confirm with . or Enter, or press ? or * to list all spells.
Aiming: Fulminant Prism (mildly dangerous; 1% risk of failure)
Press: ? - help, Dir - move target You feel a surge of power!
You conjure a prism of explosive energy!
A fulminant prism comes into view.
Your fulminant prism crackles loudly.
Your fulminant prism explodes!
The blast of energy engulfs the storm dragon!!
The storm dragon is heavily wounded.
You hear a horrible gurgling sound!
Casting: Fulminant Prism (mildly dangerous; 1% risk of failure)
Confirm with . or Enter, or press ? or * to list all spells.
You feel a surge of power!
You erupt in a blast of force!
The mystic blast hits the storm dragon!
The storm dragon is severely wounded.
Unknown command.
Casting: Iskenderun's Mystic Blast (mildly dangerous; 1% risk of failure)
Confirm with . or Enter, or press ? or * to list all spells.
You feel a surge of power!
You erupt in a blast of force!
The mystic blast hits the storm dragon!
The storm dragon is severely wounded.
The storm dragon is knocked back by the mystic blast.
Unknown command.
Casting: Iskenderun's Mystic Blast (mildly dangerous; 1% risk of failure)
Confirm with . or Enter, or press ? or * to list all spells.
Aiming: Fulminant Prism (mildly dangerous; 1% risk of failure)
Press: ? - help, Dir - move target You feel a surge of power!
You conjure a prism of explosive energy!
A fulminant prism comes into view.
The storm dragon breathes lightning at you.
The bolt of lightning hits your fulminant prism!
Your fulminant prism resists.
The bolt of lightning hits you!!!
* * * LOW HITPOINT WARNING * * *
The bolt of lightning hits you!!
You die...

..##)#)####.....##.####
.).))...........#.....#
..().#.#.....####.)...#
..(.........[# #.....#
..###..##.##[####.....#
#.###†.#..##.D##......#
##...##.###.#*.......#
#.......###.#..#)(...#
##......###^.#.#@######
#.......###.##.##.#
#(..........##.# ##
...†..).######.#
........# #.# .......##
#.# .)....## ##.#
.###### ##..# .# #..##


You could see a storm dragon (catching breath, ally target) and a friendly
fulminant prism.

Vanquished Creatures
  2 fire giants (D:11)
  An orc warlord (Orc:1)
  A dire elephant (Lair:6)
  A red draconian (Volcano)
  A yaktaur captain (D:11)
  Josephine (Orc:1)
  Harold (D:10)
  14 hydras
  A boulder beetle (D:11)
  A merfolk avatar (Lair:6)
  2 centaur warriors
  6 death yaks
  Urug (D:10)
  An orc high priest (Orc:1)
  A deep troll earth mage (D:11)
  3 two-headed ogres
  Nergalle (Orc:1)
  A sea snake (Lair:6)
  A salamander mystic (Volcano)
  A harpy (Lair:6)
  A wizard (D:11)
  A phantasmal warrior (D:11)
  5 orc knights (Bailey)
  2 cyclopes (D:11)
  A wolf spider (D:11)
  4 salamanders (Volcano)
  7 elephants
  6 black mambas
  2 molten gargoyles (Volcano)
  A torpor snail (Lair:4)
  14 cane toads
  An unseen horror (D:10)
  8 rime drakes
  10 komodo dragons
  A meliai (shapeshifter) (D:11)
  3 polar bears
  6 trolls
  25 blink frogs
  A tyrant leech (Lair:3)
  A wind drake (Lair:6)
  A hornet (Lair:6)
  A meliai zombie (D:11)
  A meliai (D:11)
  3 dream sheep (Lair:4)
  A shadow (D:10)
  A vampire (D:11)
  A spriggan (shapeshifter) (D:11)
  7 fire bats (Volcano)
  46 yaks
  6 wraiths
  9 wyverns
  A basilisk (Lair:5)
  8 vampire mosquitoes
  A steam dragon (Lair:4)
  Grum (D:11)
  7 wargs
  A swamp worm (Lair:3)
  2 acid dragons
  2 hell hounds (Lair:6)
  10 water moccasins
  2 sky beasts
  A swamp drake (Lair:2)
  30 orc warriors
  An ice beast (D:6)
  13 ogres
  4 wolves (D:11)
  3 centaurs
  2 kobold brigands
  2 wyvern zombies
  12 bullfrogs
  2 gnoll sergeants
  A wyvern skeleton (D:7)
  13 scorpions
  3 howler monkeys
  4 wights (D:10)
  A bullfrog zombie (D:5)
  6 centaur zombies
  6 lava snakes (Volcano)
  A jelly (D:5)
  9 orc priests
  2 hounds
  A bullfrog skeleton (D:4)
  Crazy Yiuf (D:5)
  5 iguanas
  20 orc wizards
  10 hell rats
  A killer bee zombie (D:8)
  3 howler monkey zombies
  15 gnolls
  6 adders
  12 white imps (Orc:2)
  2 ufetubi
  An adder skeleton (D:4)
  6 worms
  3 dart slugs
  107 orcs
  8 ball pythons
  9 endoplasms
  3 giant cockroaches
  7 goblins
  10 hobgoblins
  4 jackals (D:1)
  16 kobolds
  4 quokkas
  7 bats
  3 frilled lizards
  4 rats
  14 fulminant prisms
652 creatures vanquished.

Vanquished Creatures (collateral kills)
  A centaur (D:7)
1 creature vanquished.

Vanquished Creatures (others)
  A deep elf pyromancer (D:11)
  A manticore (Lair:6)
  A blink frog (Lair:2)
  A swamp drake (Lair:2)
  An orc wizard (D:8)
  A hell rat (Lair:4)
  A bush (Lair:5)
  351 fulminant prisms
  65 fungi
  58 plants
481 creatures vanquished.

Grand Total: 1134 creatures vanquished

Notes
Turn   | Place    | Note
-------+----------+-------------------------------------------
     0 | D:1      | sleeves the Djinni Conjurer began the quest for the Orb.
     0 | D:1      | Reached XP level 1. HP: 15/15 MP: 0/0
   255 | D:1      | Reached XP level 2. HP: 19/21 MP: 0/0
   258 | D:1      | Reached skill level 4 in Spellcasting
  1033 | D:2      | Reached XP level 3. HP: 23/25 MP: 0/0
  1033 | D:2      | Learned a level 1 spell: Shock
  1092 | D:2      | Noticed a scorpion
  1099 | D:2      | Killed a scorpion
  1100 | D:2      | Reached skill level 5 in Spellcasting
  1100 | D:2      | Reached XP level 4. HP: 23/31 MP: 0/0
  1190 | D:2      | Found an ornate altar of the Wu Jian Council.
  1418 | D:2      | Found Eczerphu's Book Shoppe.
  2084 | D:3      | Reached skill level 1 in Fighting
  2093 | D:3      | Reached XP level 5. HP: 30/37 MP: 0/0
  2093 | D:3      | Learned a level 2 spell: Corpse Rot
  2255 | D:3      | Reached skill level 2 in Fighting
  2707 | D:3      | Reached XP level 6. HP: 40/45 MP: 0/0
  3241 | D:4      | Reached skill level 3 in Fighting
  3481 | D:4      | Found a hazy altar of Hepliaklqana.
  3483 | D:4      | Found a basalt altar of Yredelemnul.
  3522 | D:4      | Found a bloodstained altar of Trog.
  3766 | D:4      | Reached skill level 6 in Spellcasting
  3766 | D:4      | Reached XP level 7. HP: 35/51 MP: 0/0
  3766 | D:4      | Learned a level 3 spell: Static Discharge
  3906 | D:4      | Reached skill level 4 in Fighting
  4013 | D:4      | Found a large runed translucent door.
  4014 | D:4      | Found a large runed translucent door.
  4014 | D:4      | Noticed benadryl's ghost (amateur DjGl)
  4467 | D:4      | Reached skill level 5 in Fighting
  4599 | D:4      | Reached XP level 8. HP: 56/59 MP: 0/0
  4885 | D:5      | Entered Level 5 of the Dungeon
  4943 | D:5      | Found a stormy altar of Qazlal.
  5083 | D:5      | Reached skill level 7 in Spellcasting
  5364 | D:5      | Reached skill level 6 in Fighting
  5775 | D:5      | Found a runed translucent door.
  5776 | D:5      | Noticed Crazy Yiuf
  5782 | D:5      | Killed Crazy Yiuf
  6061 | D:6      | Found a white marble altar of Elyvilon.
  6100 | D:6      | Reached skill level 1 in Evocations
  6141 | D:6      | Reached skill level 1 in Staves
  6425 | D:6      | Reached skill level 2 in Evocations
  6425 | D:6      | Reached XP level 9. HP: 55/67 MP: 0/0
  6425 | D:6      | Learned a level 3 spell: Call Canine Familiar
  6673 | D:7      | Found a staircase to the Ecumenical Temple.
  6705 | D:7      | HP: 33/67 [centaur/arrow (11)]
  6983 | D:7      | Reached skill level 2 in Staves
  7018 | D:7      | HP: 30/67 [centaur/arrow (3)]
  7021 | D:7      | HP: 4/67 [centaur/arrow (11)]
  7328 | D:7      | Reached skill level 7 in Fighting
  7371 | Temple   | Entered the Ecumenical Temple
  7630 | Temple   | Became a worshipper of Makhleb the Destroyer
  7813 | D:7      | Reached skill level 8 in Spellcasting
  7813 | D:7      | Reached skill level 3 in Evocations
  8163 | D:7      | Reached skill level 3 in Staves
  8318 | D:7      | HP: 33/68 [orc warrior/+0 glaive (14)]
  8514 | D:7      | Found Ulyicle's Weapon Shop.
  8522 | D:7      | sleeves: ??obsidian axe
  8522 | D:7      | beem: obsidian axe[1/3]: A +14 broad axe of chopping that
                  | mesmerises you whenever a monster is in sight. SInv, +Fly,
                  | always recurses, sometimes summons a usually-friendly demon
                  | (3 or 4) when you kill stuff. Also cures confusion when
                  | you're mesmerised.
  8522 | D:7      | sleeves: ??obsidian axe[2]
  8522 | D:7      | beem: obsidian axe[2/3]: Its mesmerisation ignores clarity.
  8522 | D:7      | sleeves: ??obsidian axe[3]
  8522 | D:7      | beem: obsidian axe[3/3]: Visions of slaying the oklob plant
                  | flood into your mind. You cannot move away from the oklob
                  | plant!
  9208 | D:8      | Identified the +0 leather armour of the Monkey's Uncle
                  | {-Tele rF++ Regen+ Int-4}
  9553 | D:8      | Reached skill level 4 in Evocations
  9778 | D:8      | Reached * piety under Makhleb
 10288 | D:9      | Noticed a two-headed ogre
 10294 | D:9      | Killed a two-headed ogre
 10295 | D:9      | Reached skill level 8 in Fighting
 10295 | D:9      | Reached skill level 4 in Staves
 10295 | D:9      | Reached XP level 10. HP: 63/76 MP: 0/0
 10575 | D:9      | Reached skill level 5 in Evocations
 10629 | D:9      | Found a staircase to the Lair.
 10875 | D:9      | Reached skill level 5 in Staves
 10878 | D:9      | Reached skill level 9 in Spellcasting
 11151 | D:9      | Identified the amulet of Anip {Reflect Dex+2 SH+5}
 11306 | D:10     | Entered Level 10 of the Dungeon
 11387 | D:10     | Noticed Urug
 11474 | D:10     | Identified the +2 robe "Mehawuu" {SInv}
 11695 | D:10     | Noticed a centaur warrior
 11703 | D:10     | HP: 33/77 [centaur warrior/arrow (13)]
 11705 | D:10     | Killed a centaur warrior
 11706 | D:10     | Reached skill level 9 in Fighting
 11706 | D:10     | Reached skill level 6 in Evocations
 11848 | D:10     | Reached XP level 11. HP: 74/84 MP: 0/0
 11848 | D:10     | Learned a level 4 spell: Olgreb's Toxic Radiance
 12020 | D:10     | You are sucked into a shaft and drop 1 floor!
 12051 | D:11     | Noticed a two-headed ogre
 12056 | D:11     | Killed a two-headed ogre
 12057 | D:11     | Reached skill level 6 in Staves
 12128 | D:11     | Found a runed translucent gate.
 12128 | D:11     | Found a runed translucent gate.
 12128 | D:11     | Found a runed translucent gate.
 12128 | D:11     | Noticed Snicker's ghost (journeyman DsBr)
 12178 | D:11     | Noticed Grum
 12181 | D:11     | Reached ** piety under Makhleb
 12191 | D:11     | Killed Grum
 12217 | D:11     | Noticed a wizard
 12221 | D:11     | Killed a wizard
 12230 | D:11     | Noticed a deep troll earth mage
 12244 | D:11     | HP: 39/84 [acid (4)]
 12464 | D:10     | Killed Urug
 12465 | D:10     | Reached skill level 7 in Evocations
 12851 | D:10     | Found a staircase to the Orcish Mines.
 13167 | D:11     | HP: 32/85 [deep troll earth mage/blast of rock fragments
                  | (29)]
 13169 | D:11     | Noticed a two-headed ogre
 13609 | D:11     | Killed a two-headed ogre
 13610 | D:11     | Reached skill level 1 in Shields
 13620 | D:11     | Noticed a yaktaur captain
 13803 | Lair:1   | Entered Level 1 of the Lair of Beasts
 13832 | Lair:1   | Noticed a seven-headed hydra
 13839 | Lair:1   | Reached skill level 10 in Fighting
 13854 | Lair:1   | Reached skill level 2 in Shields
 13855 | Lair:1   | Reached skill level 7 in Staves
 13864 | Lair:1   | Killed a seven-headed hydra
 13865 | Lair:1   | Reached skill level 10 in Spellcasting
 14109 | Lair:1   | Reached XP level 12. HP: 56/91 MP: 0/0
 14400 | Lair:1   | Reached skill level 8 in Evocations
 14419 | Lair:1   | Reached skill level 3 in Shields
 14568 | Lair:1   | Reached *** piety under Makhleb
 14857 | Lair:2   | HP: 28/92 [spore (31)]
 14858 | Lair:2   | Reached skill level 4 in Shields
 14861 | Lair:2   | Noticed a seven-headed hydra
 14863 | Lair:2   | HP: 31/93 [vampire mosquito (1)]
 14865 | Lair:2   | HP: 7/93 [vampire mosquito (9)]
 14865 | Lair:2   | HP: 1/93 [vampire mosquito (6)]
 14875 | Lair:2   | Killed a seven-headed hydra
 14882 | Lair:2   | Reached skill level 8 in Staves
 14894 | Lair:2   | Reached skill level 9 in Evocations
 14897 | Lair:2   | Reached **** piety under Makhleb
 15156 | Lair:2   | Found a hole to the Spider Nest.
 15431 | Lair:3   | Reached skill level 5 in Shields
 15432 | Lair:3   | Reached skill level 11 in Fighting
 15606 | Lair:3   | HP: 47/94 [black mamba (7)]
 15608 | Lair:3   | Reached XP level 13. HP: 75/99 MP: 0/0
 15608 | Lair:3   | Learned a level 5 spell: Silence
 15635 | Lair:3   | HP: 37/99 [spore (16)]
 16012 | Lair:3   | You are sucked into a shaft and drop 2 floors!
 16016 | Lair:5   | Reached skill level 6 in Shields
 16028 | Lair:5   | Reached skill level 11 in Spellcasting
 16042 | Lair:5   | Found a runed translucent door.
 16042 | Lair:5   | Found a viscous altar of Jiyva.
 16148 | Lair:4   | Reached skill level 9 in Staves
 16157 | Lair:4   | Reached skill level 2 in Stealth
 16510 | Lair:3   | Found a staircase to the Swamp.
 17038 | Lair:4   | Reached skill level 10 in Evocations
 17093 | Lair:4   | HP: 42/100 [spore (35)]
 18038 | Lair:5   | Noticed an azure jelly
 18041 | Lair:5   | Found a staircase to the Slime Pits.
 18041 | Lair:5   | Noticed an azure jelly
 18126 | Lair:5   | Reached skill level 3 in Stealth
 18148 | Lair:5   | Reached ***** piety under Makhleb
 18319 | Lair:5   | Reached skill level 7 in Shields
 18320 | Lair:5   | Reached XP level 14. HP: 106/106 MP: 0/0
 18447 | Lair:5   | Reached skill level 12 in Fighting
 18951 | Lair:6   | Entered Level 6 of the Lair of Beasts
 19084 | Lair:6   | Found a dark tunnel.
 19093 | Volcano  | Entered a volcano
 19168 | Volcano  | Reached skill level 4 in Stealth
 19247 | Volcano  | Noticed a red draconian
 19446 | Volcano  | Killed a red draconian
 20081 | Lair:6   | Reached skill level 8 in Shields
 20180 | Lair:6   | Reached skill level 10 in Staves
 20189 | Lair:6   | Noticed a dire elephant
 20209 | Lair:6   | HP: 53/108 [spore (47)]
 20480 | Lair:6   | Killed a dire elephant
 20481 | Lair:6   | Reached skill level 5 in Stealth
 20770 | Lair:6   | Reached skill level 11 in Evocations
 20782 | Lair:6   | HP: 47/108 [spore (30)]
 21037 | Lair:6   | Identified the +1 robe of Pakkoff {rElec}
 21440 | Orc:1    | Entered Level 1 of the Orcish Mines
 21456 | Orc:1    | Found a flagged portal.
 21468 | Bailey   | Entered a bailey
 21517 | Bailey   | Reached XP level 15. HP: 113/113 MP: 0/0
 21517 | Bailey   | Learned a level 6 spell: Death Channel
 21517 | Bailey   | Reached ****** piety under Makhleb
 21917 | Orc:1    | Noticed Nergalle
 21927 | Orc:1    | Killed Nergalle
 21969 | Orc:1    | Noticed an orc warlord
 21977 | Orc:1    | Killed an orc warlord
 21987 | Orc:1    | Reached skill level 12 in Spellcasting
 21987 | Orc:1    | Noticed Josephine
 21990 | Orc:1    | Killed Josephine
 22351 | Orc:2    | Entered Level 2 of the Orcish Mines
 22351 | Orc:2    | Found a frozen archway.
 22351 | Orc:2    | Noticed Saint Roka
 22363 | Orc:2    | HP: 56/113 [Saint Roka/divine providence (12)]
 22370 | Orc:2    | HP: 39/113 [orc warrior/+0 long sword (20)]
 22745 | D:11     | Noticed a storm dragon
 22745 | D:11     | Noticed a fire giant
 22748 | D:11     | HP: 41/113 [storm dragon/bolt of lightning (18)]
 23046 | D:11     | Reached skill level 6 in Stealth
 23046 | D:11     | Reached skill level 9 in Shields
 23306 | D:11     | HP: 42/113 [spore (17)]
 23309 | D:11     | Reached skill level 13 in Fighting
 23311 | D:10     | HP: 33/114 [burnt (1)]
 23626 | D:11     | Noticed Harold
 23799 | D:11     | Noticed a fire giant
 23814 | D:11     | Killed a fire giant
 23821 | D:11     | HP: 55/114 [Harold/harpoon shot (13)]
 23827 | D:10     | Killed Harold
 24062 | D:11     | Killed a fire giant
 24104 | D:11     | HP: 17/114 [storm dragon/bolt of lightning (43)]
 24104 | D:11     | Killed from afar by a storm dragon

Illustrated notes

Levels and vault maps discovered:
D:1:      dpeg_arrival_rooms_c, layout_basic, st_stairs_9
D:2:      layout_basic, marbit_many_paths, serial_shops, shop
D:3:      layout_loops_ring
D:4:      old_forge, layout_loops_ring, gammafunk_temple_overflow_pools,
          ebering_ghost_disaster_area, trog_hazing_becter
D:5:      layout_loops_ring, lemuel_doored_altar, uniq_crazy_yiuf_cottage
D:6:      layout_rooms, basic_altar
D:7:      layout_basic, minmay_temple_entry_mist, serial_shops, shop
D:8:      layout_layer_cave
D:9:      layout_cave_pods, erik_lair_orcish_takeover
D:10:     layout_roguey, orc_0_dummy, nicolae_twisting_strands, uniq_urug
D:11:     minmay_complete_graph, layout_rooms, ebering_ghost_rock_garden,
          uniq_harold, uniq_grum
Temple:   eino_narrow_crystal_temple
Lair:1:   layout_long_grid, minmay_holes
Lair:2:   layout_cave_shapes, nicolae_spider_entry_non_spiders, pond,
          grunt_megastairs_3, lemuel_fruit_fields
Lair:3:   layout_regular_city, palyth_hydra_swamp_entry, grunt_megastairs_1,
          lemuel_fruit_tree
Lair:4:   layout_hall_layers, grunt_forest_stairs_basic
Lair:5:   layout_loops_ring, slime_altar_2, infiniplex_staircase_pool_2,
          grunt_megastairs_4
Lair:6:   gammafunk_lair_ancient_temple, layout_big_grid, enter_volcano_3
Orc:1:    layout_diamond_mine, enter_bailey_4, uniq_nergalle, uniq_josephine
Orc:2:    st_orc_open, layout_caves, portal_ice_cave_entry_imps, uniq_saint_roka

Skill      XL: |  1  2  3  4  5  6  7  8  9 10 11 12 13 14 15 |
---------------+----------------------------------------------+-----
Spellcasting   | 4 5 6 7 8 9 10 11 12 | 12.3
Fighting       | 1 2 3 5 6 8 9 10 11 12 13 | 13.0
Evocations     | 2 4 6 7 9 10 11 | 11.8
Staves         | 1 4 5 7 8 9 10 | 10.2
Shields        | 2 5 7 8 9 |  9.4
Stealth        | 3 5 6 |  6.6
Dodging        | |  2.1

Action                   |  1- 3 |  4- 6 |  7- 9 | 10-12 | 13-15 || total
-------------------------+-------+-------+-------+-------+-------++-------
Melee: Whip              |     3 |       |       |       |       ||     3
       Staff             |       |       |       |       |     5 ||     5
 Cast: Magic Dart        |    40 |   100 |   218 |    76 |    66 ||   500
       Searing Ray       |       |    11 |    40 |    29 |    26 ||   106
       Iskenderun's Myst |       |     2 |    10 |    44 |   122 ||   178
       Fulminant Prism   |       |     1 |     5 |    82 |   278 ||   366
       Dazzling Flash    |       |       |     1 |       |       ||     1
       Call Canine Famil |       |       |     1 |       |       ||     1
       Olgreb's Toxic Ra |       |       |       |     2 |       ||     2
Evoke: Wand              |       |       |       |     2 |       ||     2
  Use: Scroll            |       |       |       |    12 |     1 ||    13
       Potion            |       |       |       |     7 |       ||     7
Armor: Robe              |     2 |     3 |    11 |     2 |       ||    18
       Leather armour    |       |       |     9 |       |       ||     9
       Acid dragon scale |       |       |       |     9 |    31 ||    40
       Skin              |       |       |       |    27 |       ||    27
Dodge: Dodged            |     3 |    12 |    56 |    40 |    43 ||   154
Block: Other             |       |       |       |     6 |       ||     6
       Reflection        |       |       |       |     1 |    11 ||    12
       Buckler           |       |       |       |    27 |    51 ||    78

Table legend: (Time is in decaauts)
 A = Elapsed time spent in this place.
 B = Non-inter-level travel time spent in this place.
 C = Inter-level travel time spent in this place.
 D = Time resting spent in this place.
 E = Time spent auto-exploring this place.
 F = Levels seen in this place.
 G = Mean time per level.
                   A        B        C        D        E       F      G
               +--------+--------+--------+--------+--------+-----+--------+
         Total |  24127 |  22920 |   1207 |   2117 |  17349 |  22 | 1096.7 |
       Dungeon |  14990 |  14227 |    763 |   1398 |  11299 |  11 | 1362.7 |
        Temple |    274 |    246 |     28 |      0 |    245 |   1 |  274.0 |
          Lair |   7161 |   6785 |    376 |    174 |   5384 |   6 | 1193.5 |
  Orcish Mines |    823 |    785 |     38 |    325 |    296 |   2 |  411.5 |
        Bailey |    442 |    442 |      0 |    196 |      2 |   1 |  442.0 |
       Volcano |    433 |    433 |      0 |     24 |    123 |   1 |  433.0 |
               +--------+--------+--------+--------+--------+-----+--------+

Top non-repeatable levels by time:
    D:10: 3103 daAuts
  Lair:6: 1670 daAuts
     D:4: 1649 daAuts
     D:7: 1409 daAuts
     D:8: 1387 daAuts
  Lair:4: 1301 daAuts
     D:3: 1288 daAuts
     D:6: 1283 daAuts
     D:9: 1250 daAuts
  Lair:5: 1200 daAuts
  Lair:3: 1088 daAuts
  Lair:1: 1036 daAuts
     D:1: 1025 daAuts
     D:5: 1015 daAuts
     D:2: 921 daAuts
